Unix NetHack Version 5.0.0-0 post-release - last build Jul 19 2026 19:10:59 (3aa4ab31751d3886436d94b585a96704892fd477,branch:main).

Game began 2026-07-23 02:05:21, ended 2026-07-23 02:31:49.

KnightLite, chaotic female elven Priestess

                       ---------             ------- ---
                       |.......               .....   .|
                       |.{.....-  -----  -----....   -.|
                       |.......|  |(((|  |+).|..     |..
                       |.......+  |(((|  |%)%|.----  |.|
                       | -----.---|...|  |%!.-.|..|  |.|
                         |]%.-....---||  |----.|..|+--.|
                         |%!.|........|  |..|..--|-....|
                       | -----..-----.-+-|..-..........+
                       |........|//.-....|----.--|-..{.|
                       |  ---|-.|///|....|.(.|.|..|....|
                          |...|.--------.|&..|.|..|+--.|
                          |(((|..   |..|.-.@@|.|..|  |.|
                          |.((|..   |..-)|...|.---|  |.|
                       +  -----..- -----.-----....----.
                       |...............................|
                       ---------------------------------

KnightLite the Acolyte       St:12 Dx:16 Co:12 In:12 Wi:17 Ch:7  Chaotic
Dlvl:6  $:61 HP:30(30) Pw:88(88) AC:-4 Xp:5 T:2570 

Latest messages:
 You see here a cursed candle (for sale, 30 zorkmids).
 You see here a lamp (for sale, 15 zorkmids).
 You see here 6 candles (for sale, 90 zorkmids).
 You see here a cursed lamp (for sale, 75 zorkmids).
 You see here 6 candles (for sale, 90 zorkmids).
 You see here a lamp (for sale, 15 zorkmids).
 You see here a cursed candle (for sale, 30 zorkmids).
 You stop.  The watchman is in the way!
 "Hello, KnightLite!  Welcome again to Llanerchymedd's quality apparel and accessories!"
 What do you want to drop?
 You drop a wand of create monster.
 Llanerchymedd offers 100 gold pieces for your wand of create monster.  Sell it? [ynaq] (n) n
 l - a wand of create monster.
 What do you want to drop?
 You drop a wand called Nothing ebony 150.
 Llanerchymedd offers 75 gold pieces for your wand called Nothing ebony 150.  Sell it? [ynaq] (n) y
 You sold a wand called Nothing ebony 150 for 75 gold pieces.
 "Hello, KnightLite!  Welcome again to Izchak's lighting store!"
 You see here a cursed candle (for sale, 30 zorkmids).
 You see here 6 candles (for sale, 90 zorkmids).
 You see here a cursed lamp (for sale, 75 zorkmids).
 "For you, good hiril; only 75 zorkmids for this lamp."
 H - a cursed lamp (unpaid, 75 zorkmids).
 You bought a cursed lamp for 75 gold pieces.
 "Thank you for shopping in Izchak's lighting store!"
 You see here a candle (for sale, 30 zorkmids).
 You swap places with the peaceful watchman.
 You swap places with the peaceful watchman.
 You have a forbidding feeling...
 What do you want to dip?
 What do you want to dip a cursed lamp into?
 Your lamp glows amber.
 What do you want to dip?
 What do you want to dip a lamp into?
 Your lamp glows with a light blue aura.
 What do you want to rub?
 You now wield a blessed lamp.
 You see a puff of smoke.
 What do you want to rub?
 You see a puff of smoke.
 What do you want to rub?
 In a cloud of smoke, a djinni emerges!
 The djinni speaks.
 "You freed me!"
 Pick a monster, object or location.
 What do you want to ready?
 Never mind.
 Autopickup: OFF.
 Really quit without saving? [yn] (n) y
 Do you want your possessions identified? [ynq] (y) q

Inventory:
 Coins    ('$')
  $ - 61 gold pieces
 Amulets  ('"')
  w - a blessed amulet of life saving (being worn)
 Weapons  (')')
  a - a blessed +1 mace
 Armor    ('[')
  k - a +0 orcish helm (being worn)
  v - a +3 pair of iron shoes (being worn)
  c - a +0 small shield (being worn)
  p - a +0 cloak of magic resistance (being worn)
  b - a +0 robe
  x - a +0 dwarvish mithril-coat (being worn)
 Comestibles  ('%')
  e - a clove of garlic
  m - a food ration
  f - a sprig of wolfsbane
 Scrolls  ('?')
  F - a cursed scroll of enchant armor
  q - a scroll of enchant weapon
  G - a scroll of light
  n - 2 scrolls of remove curse
 Potions  ('!')
  d - 2 potions of holy water
 Rings    ('=')
  u - a ring of poison resistance (on right hand)
 Wands    ('/')
  l - a wand of create monster (0:11)
 Tools    ('(')
  H - a blessed oil lamp (wielded)
 Gems/Stones  ('*')
  C - an amethyst stone
  E - 2 worthless pieces of blue glass
  j - a worthless piece of violet glass
  y - a worthless piece of white glass
  A - a worthless piece of yellow glass
  B - a worthless piece of yellowish brown glass
 Special
 (list likely candidates)

KnightLite the Priestess's attributes:

Background:
 You were an Acolyte, a level 5 elven Priestess.
 You were chaotic, nominally on a mission for Offler
 who was opposed by Blind Io (lawful) and The Lady (neutral).
 You were right-handed.
 You were in the Gnomish Mines, on level 6.
 You entered the dungeon 2570 turns ago.
 It was nighttime.
 You had 290 experience points, 30 more were needed to attain level 6.

Basics:
 You had all 30 hit points.
 You had all 88 energy points (spell power).
 Your armor class was -4.
 Your wallet contained 61 zorkmids.
 Autopickup was off.

Final Characteristics:
 Your strength was 12 (limit:18).
 Your dexterity was 16 (limit:18).
 Your constitution was 12 (limit:16).
 Your intelligence was 12 (limit:20).
 Your wisdom was 17 (limit:20).
 Your charisma was 7 (limit:18).

Final Status:
 You weren't hungry.
 You were unencumbered.
 You were wielding a tool.

Final Attributes:
 You were piously aligned.
 You were magic-protected.
 You were sleep resistant.
 You were poison resistant.
 You had infravision.
 You were guarded.
 Your spell casting was impaired by metallic armor.
 Your life would have been saved.
 You survived.

Miscellaneous:
 You didn't encounter any bones levels.
 Total elapsed playing time was 26 minutes and 27 seconds.

Major events:
 Turn
    1: KnightLite the chaotic elven Priestess entered the dungeon
 1345: attained the rank of Acolyte (level 3)
 1455: entered the Gnomish Mines
 2318: reached Mine Town
 2570: quit

Spells:
 Name                 Level Category     Fail Retention
 detect monsters        1   divination   100%  76%-100%
 create monster         2   clerical     100%   81%-90%
 clairvoyance           3   divination   100%  76%-100%

Skills:
 Fighting Skills
   bare handed combat [Unskilled]
 Weapon Skills
   club               [Unskilled]
   mace               [Skilled]
   morning star       [Unskilled]
   flail              [Unskilled]
   hammer             [Unskilled]
   quarterstaff       [Unskilled]
   polearms           [Unskilled]
   spear              [Unskilled]
   trident            [Unskilled]
   lance              [Unskilled]
   bow                [Unskilled]
   sling              [Unskilled]
   crossbow           [Unskilled]
   dart               [Unskilled]
   shuriken           [Unskilled]
   boomerang          [Unskilled]
   unicorn horn       [Unskilled]
 Spellcasting Skills
   healing spells     [Unskilled]
   divination spells  [Unskilled]
   clerical spells    [Basic]

Voluntary challenges:
 Character rerolling was not enabled.
 You were an atheist.
 You never genocided any monsters.
 You never polymorphed an object.
 You never changed form.
 You used no wishes.
Achievements:
 You entered a shop.
 You attained the rank of Acolyte.
 You entered the Gnomish Mines.
 You entered Minetown.
 You entered a temple.

 The Dungeons of Doom: levels 1 to 3
    Level 1:
    Level 2:
       A potion shop, a grave.
    Level 3:
       An altar, a fountain.
       Stairs down to The Gnomish Mines.
 The Gnomish Mines: levels 4 to 6
    Level 4:
    Level 5:
    Level 6: <- You were here.
       Many shops, a temple and an altar, some fountains.


Vanquished creatures:
  a blue jelly
 an imp
  a rock mole
  2 ponies
  a shrieker
  3 gnome leaders
  2 gnomish wizards
  a little dog
  6 dwarves
 an acid blob
  a coyote
  4 giant rats
  a brown mold
  a green mold
  a red mold
 14 gnomes
  2 gnome zombies
  4 jackals
  2 foxes
  2 goblins
  a sewer rat
  5 grid bugs
  2 bats
  a lichen
  a kobold zombie
  7 newts
68 creatures vanquished.

No species were genocided or became extinct.

Goodbye KnightLite the Priestess...

You quit in The Gnomish Mines on dungeon level 6 with 1481 points,
and 61 pieces of gold, after 2570 moves.
You were level 5 with a maximum of 30 hit points when you quit.

